 Dungeon Crawl Stone Soup version 0.24-a0-139-geb6712d24a (webtiles) character file.

Game seed: 8008972054480118875

7 Morbidden the Ogre Mage (level 2, 1/24 HPs)
             Began as an Ogre Wizard on Mar 2, 2019.
             Quit the game on level 1 of the Dungeon.
             The game lasted 00:01:07 (275 turns).

Morbidden the Ogre Mage (Ogre Wizard)                Turns: 275, Time: 00:01:08

Health: 1/24       AC:  3    Str: 10    XL:     2   Next: 0%
Magic:  1/7        EV: 10    Int: 19    God:
Gold:   15         SH:  0    Dex:  7    Spells: 8/9 levels left

rFire    . . .     SeeInvis .   (no weapon)
rCold    . . .     Gourm    .   (no shield)
rNeg     . . .     Faith    .   a - +0 robe
rPois    .         Spirit   .   b - +0 hat
rElec    .         Reflect  .   (no cloak)
rCorr    .         Harm     .   (gloves unavailable)
MR       .....                  (boots unavailable)
Stlth    +.........             (no amulet)
HPRegen  0.08/turn              (no ring)
MPRegen  0.10/turn              (no ring)

@: no status effects
A: large, unfitting armour, tough skin 1
a: no special abilities


You were on level 1 of the Dungeon.
You were not hungry.

You visited 1 branch of the dungeon, and saw 1 of its levels.

You collected 15 gold pieces.

Inventory:

Armour
 a - a +0 robe (worn)
 b - a +0 hat (worn)
Comestibles
 d - a ration


   Skills:
 * Level 0.2 Fighting
 + Level 1.8 Dodging
 + Level 1.4 Stealth
 * Level 4.1 Spellcasting
 + Level 0.8 Conjurations
   Level 0.8 Summonings
   Level 0.8 Translocations


You had 8 spell levels left.
You knew the following spells:

 Your Spells              Type           Power        Failure   Level  Hunger
a - Magic Dart            Conj           #...         10%         1    None

Your spell library contained the following spells:

 Spells                   Type           Power        Failure   Level  Hunger
 Blink                    Tloc           N/A          14%         2    ##.....
 Call Imp                 Summ           #.......     14%         2    ##.....
 Slow                     Hex            #.......     21%         2    ##.....
 Conjure Flame            Conj/Fire      #.......     34%         3    ###....
 Mephitic Cloud           Conj/Pois/Air  #.......     36%         3    ###....


Dungeon Overview and Level Annotations

Branches:
Dungeon (1/15)

Altars:


Innate Abilities, Weirdness & Mutations

You are too large for most types of armour.
You have tough skin. (AC +1)


Message History

The goblin hits you but does no damage. The giant cockroach barely misses you.
The dart slug launches a dart at you. The slug dart misses you.
Unknown command.
You hit the giant cockroach but do no damage.
The goblin hits you with a +0 dagger.
* * * LOW HITPOINT WARNING * * *
The giant cockroach bites you but does no damage.
Unknown command.
You closely miss the giant cockroach. The goblin hits you but does no damage.
The giant cockroach misses you. The dart slug misses you.
Unknown command.
You closely miss the giant cockroach. The giant cockroach closely misses you.
The goblin hits you but does no damage. The dart slug launches a dart at you.
The slug dart hits you.
* * * LOW HITPOINT WARNING * * *
The giant cockroach bites you.
* * * LOW HITPOINT WARNING * * *
Are you sure you want to abandon this character and quit the game? (Confirm with "yes".)

.....h.. .###
#.......####...##
#.....#...>##..##
................
..............#
#..###........
#..##.........
#####.#..........#
#@w.†...+++'''.###
#gs##.).+....'.##
##...)..+....+..#
###....'..<.'..##
#.....'....+....
#..#...'+++++.##.
#.##..........##.
#.##..........##.
..............##w


You could see a dart slug, a giant cockroach and a goblin.

Vanquished Creatures
  A giant cockroach (D:1)
  A goblin (D:1)
  A hobgoblin (D:1)
  A jackal (D:1)
  A kobold (D:1)
5 creatures vanquished.

Notes
Turn   | Place    | Note
-------+----------+-------------------------------------------
     0 | D:1      | Morbidden the Ogre Wizard began the quest for the Orb.
     0 | D:1      | Reached XP level 1. HP: 16/16 MP: 5/5
   261 | D:1      | Reached skill level 4 in Spellcasting
   267 | D:1      | Reached XP level 2. HP: 6/24 MP: 0/7
   274 | D:1      | HP: 1/24 [giant cockroach (1)]
   275 | D:1      | Quit the game

Levels and vault maps discovered:
D:1:      lightli_arrival_maybe_door_vault, layout_rooms

Skill      XL: |  1 |
---------------+----+-----
Spellcasting   | 4 |  4.1
Fighting       | |  0.2
Dodging        | |  1.8
Stealth        | |  1.4
Conjurations   | |  0.8
Summonings     | |  0.8
Translocations | |  0.8

Action                   || total
-------------------------++-------
Melee: Unarmed           ||    22
 Cast: Magic Dart        ||    15
 Stab: Sleeping          ||     1
Armor: Robe              ||    19
Dodge: Dodged            ||    26

Table legend:
 A = Non-vault XP
 B = Vault XP
 C = Vault XP percentage of total XP
 D = Non-vault monster count
 E = Vault monster count
 F = Vault count percentage of total count
                 A         B        C        D         E       F
            +---------+---------+-------+---------+---------+-------
      Total |      10 |       0 |   0.0 |       5 |       0 |   0.0
            +---------+---------+-------+---------+---------+-------
        D:1 |      10 |       0 |   0.0 |       5 |       0 |   0.0
            +---------+---------+-------+---------+---------+-------
